 Dungeon Crawl Stone Soup version 0.24.1-11-gbbbb2193e6 (webtiles) character file.

Game seed: 4251222989510753256, levelgen mode: deterministic

727 Amplified the Chopper (level 7, -3/64 HPs)
             Began as a Hill Orc Chaos Knight on May 10, 2020.
             Was a Plaything of Xom.
             Slain by a red devil
             ... wielding a +0 trident
             ... summoned by Xom
              (15 damage)
             ... on level 6 of the Dungeon.
             The game lasted 00:05:42 (4422 turns).

Amplified the Chopper (Hill Orc Chaos Knight)       Turns: 4422, Time: 00:05:43

Health: -3/64      AC:  6    Str: 19    XL:     7   Next: 72%
Magic:  7/7        EV:  8    Int: 10    God:    Xom [.*....]
Gold:   147        SH:  0    Dex: 10    Spells: 6/6 levels left

rFire    + + .     SeeInvis .   a - +1 hand axe (chaos)
rCold    + . .     Gourm    .   (no shield)
rNeg     . . .     Faith    .   g - +1 chain mail
rPois    .         Spirit   .   (no helmet)
rElec    .         Reflect  .   e - scarf {rC+ rF+}
rCorr    .         Harm     .   (no gloves)
MR       +....                  (no boots)
Stlth    ..........             (no amulet)
HPRegen  0.20/turn              f - ring of protection from fire
MPRegen  0.10/turn              (no ring)

@: no status effects
A: deformed body, dopey 1, magic resistance 1, strong 1
a: Renounce Religion


You were on level 6 of the Dungeon.
You worshipped Xom.
You were a plaything of Xom.
You were very hungry.

You visited 1 branch of the dungeon, and saw 6 of its levels.

You collected 189 gold pieces.
You spent 42 gold pieces at shops.

Inventory:

Hand Weapons
 a - a +1 hand axe of chaos (weapon)
Missiles
 m - a throwing net (quivered)
Armour
 e - a scarf of resistance (worn)
 g - a +1 chain mail (worn)
Jewellery
 f - a ring of protection from fire (left hand)
Wands
 b - a wand of random effects (26)
 j - a wand of iceblast (1)
 k - a wand of polymorph (5)
Scrolls
 d - 2 scrolls of identify
 h - a scroll of fog
 l - 3 scrolls of remove curse
 n - a scroll of holy word
Potions
 o - a potion of flight
Comestibles
 c - 5 rations


   Skills:
 * Level 6.4 Fighting
 * Level 7.0 Axes
 * Level 5.2 Armour
 + Level 2.5 Dodging


You had 6 spell levels left.
You didn't know any spells.
Your spell library contained the following spells:

 Spells                   Type           Power        Failure   Level  Hunger
 Confusing Touch          Hex            #.....       98%         1    ##.....
 Corona                   Hex            #......      98%         1    ##.....
 Ensorcelled Hibernation  Hex/Ice        #.....       99%         2    ###....
 Confuse                  Hex            #.......     100%        3    ####...
 Dazzling Spray           Conj/Hex       #.....       100%        3    ####...
 Gell's Gravitas          Tloc           #.........   100%        3    ####...
 Tukima's Dance           Hex            #.......     100%        3    ####...
 Petrify                  Tmut/Erth      #.......     100%        4    #####..
 Metabolic Englaciation   Hex/Ice        #.........   100%        5    ######.
 Yara's Violent Unravell  Hex/Tmut       #.........   100%        5    ######.


Dungeon Overview and Level Annotations

Branches:
Dungeon (6/15)
 Temple: D:4-7

Altars:
Fedhas
Okawaru
Sif Muna
Trog
Xom
The Shining One

Shops:
D:4 *   D:5 ?


Innate Abilities, Weirdness & Mutations

Armour fits poorly on your strangely shaped body.
You are dopey. (Int -2)
You are resistant to hostile enchantments. (MR+)
Your muscles are strong. (Str +2)


Message History

The red devil hits you with a +0 trident.
The neqoxec gestures.
The red devil hops backward while attacking.
The red devil hits you from afar with a +0 trident!
The iron imp grinds its teeth.
The neqoxec gestures at you.
Something tries to feed on your intellect!
The red devil hits you from afar with a +0 trident!
* * * LOW HITPOINT WARNING * * *
The iron imp shouts, "Give up, thou cockered idle-headed tinkerer!"
The neqoxec gestures.
The bullfrog skeleton barely misses you.
The bullfrog skeleton hits you.
* * * LOW HITPOINT WARNING * * *
You are now a plaything of Xom.
There is an escape hatch in the ceiling here.
The bullfrog skeleton hits you.
* * * LOW HITPOINT WARNING * * *
The red devil hits you from afar with a +0 trident!
You die...

##......5o###
##..###..5## ...
###.## #.. #..##
#..## ##.3.# #..#
#..#.###
#..###......#
.#####.......####.#
.......@Z45### #
..####..##..#
#.......# #
##.......# #.
##..##....###
#>.#..####.......
..#.....## #...####
.........###...##
....####........####


You could see a red devil, an ufetubus and a bullfrog skeleton.

Vanquished Creatures
  Prince Ribbit (D:5)
  An ogre (D:5)
  A jelly (D:5)
  A crimson imp (D:5)
  2 hounds
  Crazy Yiuf (D:2)
  An orc wizard (D:4)
  A gnoll shaman (D:5)
  A worker ant (D:5)
  8 gnolls
  5 adders
  A shadow imp (D:5)
  An ooze (D:2)
  2 dart slugs
  A leopard gecko (D:3)
  2 orcs
  9 bats
  5 giant cockroaches
  15 goblins
  5 hobgoblins (D:1)
  2 jackals (D:5)
  6 kobolds
  A quokka (D:3)
  3 ball pythons
  5 frilled lizards
  10 rats
91 creatures vanquished.

Notes
Turn   | Place    | Note
-------+----------+-------------------------------------------
     0 | D:1      | Amplified the Hill Orc Chaos Knight began the quest for the
                  | Orb.
     0 | D:1      | Reached XP level 1. HP: 19/19 MP: 1/1
    63 | D:1      | Reached XP level 2. HP: 27/27 MP: 2/2
    83 | D:1      | Reached skill level 1 in Dodging
   154 | D:1      | XOM: harmless Conj miscast
   325 | D:1      | Reached XP level 3. HP: 33/33 MP: 3/3
   583 | D:2      | Found a shimmering altar of Xom.
   848 | D:2      | Reached XP level 4. HP: 41/41 MP: 4/4
  1014 | D:2      | XOM: harmless Summ miscast
  1021 | D:2      | Found a runed translucent door.
  1022 | D:2      | Noticed Crazy Yiuf
  1198 | D:2      | XOM: harmless Tmut miscast
  1511 | D:2      | Killed Crazy Yiuf
  1511 | D:2      | Reached skill level 5 in Axes
  1600 | D:3      | Found a bloodstained altar of Trog.
  1624 | D:3      | Reached XP level 5. HP: 46/47 MP: 5/5
  1651 | D:3      | XOM: harmless Tloc miscast
  1660 | D:3      | XOM: potion effect (might)
  1904 | D:3      | XOM: cloud trail
  2033 | D:3      | XOM: scenery: create altars
  2173 | D:3      | XOM: potion effect (agility)
  2174 | D:3      | XOM: cast spell 'Dispersal'
  2223 | D:3      | XOM: scenery: 2 doors close
  2253 | D:3      | Found a shimmering blue altar of Sif Muna.
  2621 | D:3      | XOM: harmless Tmut miscast
  2631 | D:3      | Found a glowing golden altar of the Shining One.
  2693 | D:4      | Found Coty's Assorted Antiques.
  2693 | D:4      | XOM: stealth player
  2707 | D:4      | Bought an inky potion for 21 gold pieces
  2707 | D:4      | Bought a grey potion for 21 gold pieces
  2735 | D:4      | XOM: mild Erth miscast
  2776 | D:4      | XOM: harmless Summ miscast
  2836 | D:4      | Reached skill level 5 in Fighting
  2858 | D:4      | Reached XP level 6. HP: 44/56 MP: 6/6
  2863 | D:4      | XOM: noise
  2890 | D:4      | XOM: enchant monster (good)
  2891 | D:5      | Entered Level 5 of the Dungeon
  2951 | D:5      | XOM: noise
  3061 | D:5      | XOM: harmless Tloc miscast
  3064 | D:5      | Reached skill level 6 in Axes
  3073 | D:5      | XOM: stat loss: -1 Dex (9/10)
  3075 | D:5      | XOM: confusion (+ monsters)
  3076 | D:5      | XOM: confusion
  3410 | D:5      | Noticed Prince Ribbit
  3425 | D:5      | Killed Prince Ribbit
  3425 | D:5      | Reached XP level 7. HP: 27/63 MP: 7/7
  3529 | D:5      | Reached skill level 5 in Armour
  3939 | D:5      | Reached skill level 7 in Axes
  3951 | D:5      | Found Axokophi's Magic Scroll Emporium.
  4190 | D:5      | Found an iron altar of Okawaru.
  4191 | D:5      | Found a blossoming altar of Fedhas.
  4205 | D:5      | XOM: give mutations
  4205 | D:5      | Gained mutation: You are resistant to hostile enchantments.
                  | (MR+) [Xom's mischief]
  4205 | D:5      | Gained mutation: You are dopey. (Int -2) [Xom's mischief]
  4263 | D:5      | XOM: give mutations
  4263 | D:5      | Gained mutation: Armour fits poorly on your strangely
                  | shaped body. [Xom's mischief]
  4263 | D:5      | Gained mutation: Your muscles are strong. (Str +2) [Xom's
                  | mischief]
  4395 | D:6      | XOM: noise
  4412 | D:6      | XOM: summons 3 hostile demons
  4413 | D:6      | Noticed a red devil
  4413 | D:6      | Noticed a neqoxec
  4422 | D:6      | Slain by a red devil

Levels and vault maps discovered:
D:1:      ncdulo_halloftheorcs, layout_rooms, chequers_serial_rivers_micro_b,
          glass_columns_b, minmay_tromino_mix6
D:2:      layout_loops_corners, xom_butterflies, first_ration, kennysheep_boxes,
          uniq_crazy_yiuf_cottage
D:3:      layout_basic, tso_oasis_becter, lemuel_doored_altar, led_sif_book
D:4:      layout_loops_corners, lemuel_round_altar, temple_fountains,
          serial_shops, nicolae_shop_overgrown_old_shop, minmay_misc_feat_x
D:5:      layout_basic, gammafunk_temple_overflow_pools, serial_shops,
          nicolae_shop_stone, minmay_misc_feat_more_columns, uniq_prince_ribbit1
D:6:      layout_layer_cave

Skill      XL: |  1  2  3  4  5  6  7 |
---------------+----------------------+-----
Dodging        | 1 2 |  2.5
Fighting       | 4 5 6 |  6.4
Armour         | 3 4 5 |  5.2
Axes           | 5 6 7 |  7.0

Action                   |  1- 3 |  4- 6 |  7- 9 || total
-------------------------+-------+-------+-------++-------
Melee: Hand axe          |   113 |   169 |    36 ||   318
Throw: Throwing net      |       |     1 |       ||     1
Evoke: Wand              |       |     7 |     4 ||    11
  Use: Scroll            |     4 |     7 |     3 ||    14
       Potion            |     1 |     3 |       ||     4
 Stab: Confused          |     2 |       |       ||     2
       Paralysed         |       |     2 |       ||     2
  Eat: Chunk             |       |     4 |     3 ||     7
       Ration            |       |     1 |       ||     1
Armor: Leather armour    |    11 |       |       ||    11
       Chain mail        |    61 |   177 |    18 ||   256
Dodge: Dodged            |    51 |   108 |    22 ||   181
